Unix NetHack Version 5.0.0-0 post-release - last build Jun 10 2026 00:39:30 (3ee93aec679c4c4259841fe613dc97188e26a321,branch:main).

Game began 2026-06-23 13:46:31, ended 2026-06-23 15:11:28.

Barrb, neutral female human Barbarian

                           ---------     ----------      ---------
                           |.......|     .........|     #.......{|
                           |.....{.|    #|.......>|     #|........#
             ----------    |.......-###)#.....).).|     #|.......|#
            #-.......<|    |.......|    #-|-----.--     #---------d
          ###|........|    ------.-- ##)#       ##########        @
          #  |........|             ##                   #       ed
          #  -------.--             #                            ###
          #   #  ####               #
 -----    #   ####                  #
 |!!.|  ###   #                     #
 |%%.| ##    -|-----               ##
 |%..|##     |.:....##            ##
 |!%.-#      |.....| #  ----------#
 |%%.|       |.....| #  |..`.....|#
 -----       ------- ###........%|#
                        |.......*.#
                        ----------

Barrb the Pillager         St:18 Dx:17 Co:18 In:10 Wi:7 Ch:8  Neutral
Dlvl:3  $:4  HP:0(31) Pw:6(6) AC:7  Xp:3 T:1346 

Latest messages:
 You smite the red mold!
 You are suddenly very hot!
 You kill the red mold!
 You miss the jackal.
 The jackal misses!
 You miss the jackal.
 The jackal bites!
 You kill the jackal!
 You are in full health.
 There is nothing here to pick up.
 You swap places with Idefix.
 What do you want to zap? [n or ?*] n
 In what direction? 1
 What do you want to zap? [n or ?*] n
 In what direction? 1
 You miss the floating eye.
 You are frozen by the floating eye's gaze!
 Idefix misses the floating eye.
 Idefix misses the floating eye.
 Idefix is frozen by the floating eye's gaze!
 The jackal bites!
 The jackal bites!
 The jackal bites!
 The jackal bites!
 The jackal bites!
 The jackal bites!
 The jackal bites!
 The jackal bites!
 The jackal bites!
 The jackal bites!
 The jackal bites!
 The jackal bites!
 The jackal bites!
 The jackal bites!
 The jackal bites!
 The jackal bites!
 The jackal bites!
 The jackal bites!
 The jackal bites!
 The jackal bites!
 The jackal bites!
 The jackal bites!
 The jackal bites!
 The jackal bites!
 The jackal bites!
 The jackal bites!
 You die...
 Do you want your possessions identified? [ynq] (y) y
 Do you want to see your attributes? [ynq] (y) y
 Do you want an account of creatures vanquished? [ynaq] (y) q

Inventory:
 Coins    ('$')
  $ - 4 gold pieces
 Weapons  (')')
  b - a blessed +0 axe (alternate weapon; not wielded)
  a - a +0 two-handed sword (weapon in hands)
 Armor    ('[')
  c - an uncursed +0 ring mail (being worn)
 Comestibles  ('%')
  g - a cursed carrot
  d - 2 uncursed food rations
  l - an uncursed tin of deep fried newt meat
 Scrolls  ('?')
  p - an uncursed scroll of fire
  e - a cursed scroll of gold detection
 Potions  ('!')
  j - an uncursed potion of full healing
  f - an uncursed potion of healing
  m - an uncursed potion of paralysis
 Rings    ('=')
  i - a cursed -2 ring of adornment
 Wands    ('/')
  n - a wand of locking (0:2)
 Tools    ('(')
  o - an empty cursed bag of holding
  h - an uncursed towel
  k - an uncursed towel

Barrb the Barbarian's attributes:

Background:
 You were a Pillager, a level 3 female human Barbarian.
 You were neutral, nominally on a mission for Crom
 who was opposed by Mitra (lawful) and Set (chaotic).
 You were right-handed.
 You were in the Dungeons of Doom, on level 3.
 You entered the dungeon 1346 turns ago.
 You had 62 experience points, 18 more were needed to attain level 4.

Basics:
 You had 0 out of 31 hit points.
 You had all 6 energy points (spell power).
 Your armor class was 7.
 Your wallet contained 4 zorkmids.
 Autopickup was off.

Final Characteristics:
 Your strength was 18 (limit:18/100).
 Your dexterity was 17 (limit:18).
 Your constitution was 18 (limit:18).
 Your intelligence was 10 (limit:18).
 Your wisdom was 7 (limit:18).
 Your charisma was 8 (limit:18).

Final Status:
 You weren't hungry.
 You were unencumbered.
 You were wielding a two-handed sword.
 You had basic skill with two-handed sword.

Final Attributes:
 You were devoutly aligned.
 You were poison resistant.
 You were warded.
 You are dead.

Miscellaneous:
 You didn't encounter any bones levels.
 Total elapsed playing time was 54 minutes and 1 second.

Major events:
 Turn
    1: Barrb the neutral female human Barbarian entered the dungeon
 1194: attained the rank of Pillager (level 3)
 1346: killed by a jackal, while frozen by a floating eye's gaze

You didn't know any spells.

Skills:
 Fighting Skills
   bare handed combat [Basic]
   two weapon combat  [Unskilled]
   riding             [Unskilled]
 Weapon Skills
   dagger             [Unskilled]
   axe                [Basic]
   pick-axe           [Unskilled]
   short sword        [Unskilled]
   broadsword         [Unskilled]
   long sword         [Unskilled]
   two-handed sword   [Basic]
   saber              [Unskilled]
   club               [Unskilled]
   mace               [Unskilled]
   morning star       [Unskilled]
   flail              [Unskilled]
   hammer             [Unskilled]
   quarterstaff       [Unskilled]
   spear              [Unskilled]
   trident            [Unskilled]
   bow                [Unskilled]
 Spellcasting Skills
   attack spells      [Unskilled]
   escape spells      [Unskilled]

Voluntary challenges:
 Character rerolling was not enabled.
 You followed a strict vegan diet.
 You were an atheist.
 You were illiterate.
 You never genocided any monsters.
 You never polymorphed an object.
 You never changed form.
 You used no wishes.
Achievements:
 You entered a shop.
 You attained the rank of Pillager.

 The Dungeons of Doom: levels 1 to 3
    Level 1:
       An altar, a fountain.
    Level 2:
       A weapon shop, a fountain.
    Level 3: <- You were here.
       A vegetarian food shop, a fountain, a sink.
       Final resting place for
          you, killed by a jackal, while frozen by a floating eye's gaze.


Vanquished creatures:
  a gas spore
  a hobbit
  2 large kobolds
  a red mold
  a jackal
  a fox
  2 goblins
  2 sewer rats
  a bat
  5 lichens
  a kobold zombie
  3 newts
21 creatures vanquished.

No species were genocided or became extinct.

Game over:
                       ----------
                      /          \
                     /    REST    \
                    /      IN      \
                   /     PEACE      \
                  /                  \
                  |      Barrb       |
                  |       4 Au       |
                  |   killed by a    |
                  |      jackal      |
                  |                  |
                  |                  |
                  |       2026       |
                 *|     *  *  *      | *
        _________)/\\_//(\/(/\)/\//\/|_)_______

Goodbye Barrb the Barbarian...

You died in The Dungeons of Doom on dungeon level 3 with 352 points,
and 4 pieces of gold, after 1346 moves.
You were level 3 with a maximum of 31 hit points when you died.

